Raisse, chaotic female orcish Wizard --- --.-- |...| --)%| |.<-- --- --%%.|--.-- ..).%--..%| ....)G....| ..oG...|... .......|.- .... Raisse the Thaumaturge Experience level: 7 Strength: 12 Dexterity: 15 Constitution: 18 Intelligence: 16 Wisdom: 11 Charisma: 11 Health: 0(49) Energy: 31(35) Def: 2 Gold: 28 Moves: 7349 Dungeon seed: -lnUi08masQTY2Gh Game ID: Raisse_1527831460 Your Inventory: Coins $ - 28 gold pieces Amulets J - a cursed amulet of restful sleep Weapons a - 3 uncursed +0 daggers c - an uncursed +1 orcish dagger x - a blessed +1 dagger (weapon in hand) A - a blessed +1 orcish dagger D - a blessed +1 quarterstaff (alternate weapon; not wielded) L - 12 uncursed +0 darts M - an uncursed +0 elven dagger X - an uncursed +0 orcish dagger Armor e - an uncursed +0 orcish helm r - an uncursed +0 dwarvish cloak y - an uncursed +0 pair of iron shoes z - a cursed -3 orcish helm C - an uncursed +0 cloak of magic resistance (being worn) H - an uncursed +0 orcish helm (being worn) Scrolls n - a cursed scroll of enchant armor o - an uncursed scroll of summoning q - a cursed scroll of remove curse s - a cursed scroll of enchant weapon t - a blessed scroll of enchant armor v - an uncursed scroll of enchant armor Rings j - a cursed ring of polymorph k - an uncursed ring of sustain ability E - a cursed ring of aggravate monster Wands h - an uncursed wand of striking (0:8) Tools b - an uncursed blindfold d - an uncursed +0 pick-axe I - a cursed magic lamp (lit) Spells and supernatural/magical abilities: Name Level Category Cost Memory a - force bolt 1 attack 5pw 88% j - jumping 1 escape 5pw 89% m - magic missile 2 attack 10pw 88% I - identify 2 divination 33pw 88% U - detect unseen 3 divination 500pw 88% W - pray for help -- divine ? -- Your skills at the end: Fighting Skills wands [Basic] Weapon Skills dagger [Basic] quarterstaff [Basic] Spellcasting Skills attack spells [Basic] enchantment spells [Basic] Final Attributes: You were piously aligned. You were immune to poison. You were magic resistant. You were telepathic. You had infravision. You were slow. You were very lucky. You last prayed 549 turns ago. Anhur was extremely pleased with you. You are dead. Vanquished creatures: a large mimic a small mimic a dwarf king 2 gnome kings 2 human zombies 3 shriekers 4 gnome lords 2 gnomish wizards a kobold mummy a ghoul a paper golem 2 little dogs 2 floating eyes a kitten 5 dwarves a kobold shaman 5 rothes a giant bat 4 iguanas an acid blob 2 coyotes 4 gas spores 6 hobbits a large kobold 6 giant rats 7 cave spiders 3 brown molds 2 yellow molds a red mold 14 gnomes 3 garter snakes a gnome zombie 8 geckos 18 jackals a fox 3 kobolds 6 goblins a sewer rat 12 grid bugs 2 bats 12 lichens 2 kobold zombies 14 newts 170 creatures vanquished. Voluntary challenges: You used a wielded weapon 240 times, starting on turn 72. You read items or engraved 23 times, starting on turn 29. You never genocided any monsters. You never polymorphed an object. You never changed form. You used no wishes. You never split a pudding. You never wrote Elbereth's name. You never violated your personal moral code. Dungeon overview: The Dungeons of Doom: levels 1 to 4 Level 1 a long staircase Level 2 an altar to Anhur Level 3 Level 4 a scroll shop, a vault stairs to The Gnomish Mines The Gnomish Mines: levels 5 to 8 Level 5 stairs to The Dungeons of Doom Level 6 Level 7 some shops, a temple to Ptah, some fountains Level 8 <- You were here History has recorded: On T:1 you entered the Dungeons of Doom to retrieve the Amulet of Yendor! On T:70 you reached level 2 of The Dungeons of Doom. On T:314 you reached level 3 of The Dungeons of Doom. On T:610 you advanced to experience level 2. On T:637 you reached level 4 of The Dungeons of Doom. On T:1695 you advanced to experience level 3. On T:2461 you advanced to experience level 4. On T:3831 you advanced to experience level 5. On T:6305 you advanced to experience level 6. On T:6360 you reached level 1 of The Gnomish Mines. On T:6532 you reached level 2 of The Gnomish Mines. On T:6564 you reached level 3 of The Gnomish Mines. On T:6791 you advanced to experience level 7. On T:7246 you reached level 4 of The Gnomish Mines. Score breakdown: Gold: 28 ( 4974 points) Experience: 7 levels (13645 points) Exploration: 8 levels ( 15.38%) (11114 points) Discoveries: 19 items ( 6.62%) ( 7718 points) Valuables value: (no points given unless you survive) Artifact value: 0 ( 0 points) Variety of kills: 43 monsters ( 11.32%) (10091 points) Turncount: 7349 turns (-1923 points) Survival: died (score multiplied by 80%) Total score: 36495 Latest messages: [2 turns] (3x) You see here a concave amulet. [2 turns] You kill the gnome! The gnome hits! [2 turns] J - a concave amulet. The gnome hits! [2 turns] You hit the gnome lord! The gnome lord hits! (2x) The gnome hits! [2 turns] The gnome lord hits! [2 turns] The gnome lord hits! [2 turns] The gnome lord hits! [2 turns] (3x) The gnome lord hits! You die... For some reason, you think that you can almost hear the Wizard laugh manically... Final status: Goodbye Raisse the Wizard, killed by a gnome lord... You died in The Gnomish Mines on dungeon level 8 with 36495 points, and 28 pieces of gold, after 7349 moves. You were level 7 with a maximum of 49 hit points when you died.